 Dungeon Crawl Stone Soup version 0.32-a0-39-g5c88369fb2 (webtiles) character file.

Game seed: 2291062352217749097

1545550 Ge0ff the Mummy Blade (level 26, 227/227 HPs)
             Began as a Mummy Berserker on Feb 2, 2024.
             Was a High Priest of Trog.
             Escaped with the Orb
             ... and 3 runes
             ... and 1 gem!
             The game lasted 03:37:38 (98747 turns).

Ge0ff the Mummy Blade (Mummy Berserker)            Turns: 98747, Time: 03:37:38

Health: 227/227    AC: 34    Str: 18 (21) XL:     26   Next: 89%
Magic:  23/23      EV: 16    Int:  6 (7)  God:    Trog [*****.]
Gold:   4118       SH:  0    Dex: 22 (27) Spells: 25/25 levels left

rFire   + . .        a - +7 triple sword of Bucsiona {flame, rPois rC+}
rCold   + + .        (shield currently unavailable)
rNeg    + + +        D - +3 storm dragon scales
rPois   ∞            i - +2 hat {SInv}
rElec   +            x - +2 cloak {rF+}
rCorr   .            Y - +1 pair of gloves {Stlth+}
SInv    +            J - +3 pair of seven-league boots {Rampage+∞}
Will    +++++        e - necklace of Bloodlust {Fury *Rage Will++ Int-3 Slay+6}
Stlth   +            w - ring "Foetze Korch" {rF+ Will+}
HPRegen 0.57/turn    Q - ring "Qykoala" {^Contam +Blink rN+ Int+2 Dex+6, =R}
MPRegen 0.18/turn

%: rampage+∞, faith
@: no status effects
A: cold resistance 1, negative energy resistance 3, torment resistance 2, heat
vulnerability 1, in touch with death 2, no potions, faith
0: Orb of Zot
}: 3/15 runes: decaying, silver, gossamer
a: Renounce Religion, Evoke Blink, Trog's Hand, Brothers in Arms


You escaped.
You worshipped Trog.
Trog was extremely pleased with you.
You visited 11 branches of the dungeon, and saw 51 of its levels.
You visited the Abyss 1 time.
You also visited: Bailey, Ice Cave, Volcano and Wizlab.

You collected 9691 gold pieces.
You spent 5573 gold pieces at shops.

Inventory:

Hand Weapons
 a - the +7 triple sword of Bucsiona (weapon) {flame, rPois rC+}
   (Trog gifted it to you on level 14 of the Dungeon)

   rC+:       It protects you from cold.
   rPois:     It protects you from poison
 b - a +9 vampiric great sword
 h - a +9 antimagic triple sword
 m - the +8 great sword "Ykoradd" {heavy, Fly}
   (Trog gifted it to you on level 5 of the Realm of Zot)

   Fly:       It grants you flight.
 z - a +8 triple sword of freezing
 N - the +5 triple sword "Liedin Akimm" {heavy, rPois rN+ Str-2}
   (Trog gifted it to you on level 2 of the Elven Halls)

   Str-2:     It affects your strength (-2).
   rPois:     It protects you from poison rN+: It protects you from negative
   energy.
 R - a +1 double sword of distortion
Missiles
 c - 16 datura-tipped darts {=F}
 g - 2 atropa-tipped darts
 o - 7 javelins
 u - 68 poisoned darts
 v - 5 curare-tipped darts {=F}
 H - 299 stones
 I - 9 silver javelins
 W - 6 boomerangs (quivered)
Armour
 i - a +2 hat of see invisible (worn)
 x - a +2 cloak of fire resistance (worn)
 D - +3 storm dragon scales (worn)
 G - a +2 pair of boots of flying
 J - the +3 pair of seven-league boots (worn) {Rampage+∞}
   (You found it on level 3 of the Elven Halls)

   Rampage+∞: When moving toward enemies, its wearer moves as far as possible,
   alerting their target en route.
 K - the +1 cloak of Starlight {*Dazzle EV+4 Stlth--}
   (You found it on level 14 of the Dungeon)

   *Dazzle:   It may blind those who miss an attack against the wearer in melee
   combat.
   EV+4:      It affects your evasion (+4).
   Stlth--:   It makes you much less stealthy.
 X - +2 ice dragon scales
 Y - a +1 pair of gloves of stealth (worn)
Jewellery
 e - the necklace of Bloodlust (around neck) {Fury *Rage Will++ Int-3 Slay+6}
   (You took it off a vault guard on level 5 of the Vaults)

   [amulet of nothing]

   Fury:      It extends the wearer's berserk rage when killing foes.
   Int-3:     It affects your intelligence (-3).
   Slay+6:    It affects your accuracy & damage with ranged weapons and melee
   (+6).
   Will++:    It greatly increases your willpower.
   *Rage:     It berserks you when you make melee attacks (+50% chance).
 k - a ring of flight
 q - the ring "Nukageta" {rC- rN+ MP-9 Int+9 SInv}
   (You took it off a purple draconian in a wizard's laboratory)

   [ring of see invisible]

   Int+9:     It affects your intelligence (+9).
   rC-:       It makes you vulnerable to cold.
   rN+:       It protects you from negative energy.
   MP-9:      It affects your magic capacity (-9).
   SInv:      It lets you see invisible.
 w - the ring "Foetze Korch" (left hand) {rF+ Will+}
   (You acquired it on level 11 of the Dungeon)

   [ring of willpower]

   rF+:       It protects you from fire.
   Will+:     It increases your willpower.
 A - an amulet of reflection
 M - the amulet of the Four Winds {rN+ Will+++ Clar}
   (You found it on level 3 of the Depths)

   [amulet of nothing]

   rN+:       It protects you from negative energy.
   Will+++:   It greatly increases your willpower.
   Clar:      It protects you from confusion, rage, mesmerisation and fear.
 Q - the ring "Qykoala" (right hand) {^Contam +Blink rN+ Int+2 Dex+6, =R}
   (You acquired it on level 6 of the Dungeon)

   [ring of dexterity]

   Int+2:     It affects your intelligence (+2).
   Dex+6:     It affects your dexterity (+6).
   rN+:       It protects you from negative energy.
   +Blink:    It lets you blink.
   ^Contam:   It causes magical contamination when unequipped.
 Z - an amulet of guardian spirit
Wands
 d - a wand of digging (1)
 f - a wand of flame (87)
 j - a wand of quicksilver (21)
 p - a wand of paralysis (14)
 r - a wand of roots (9)
 s - a wand of mindburst (55)
 P - a wand of polymorph (30)
Scrolls
 y - a scroll of immolation
 B - 7 scrolls of blinking
 C - a scroll of poison
 E - 2 scrolls of fear
 L - a scroll of torment
 S - 3 scrolls of butterflies
 T - 9 scrolls of teleportation
 V - 6 scrolls of vulnerability
Miscellaneous
 l - a lightning rod (4/4)
 n - a phial of floods
 t - a tin of tremorstones (1/2)
 O - a box of beasts (inert)
 U - a phantom mirror


   Skills:
 + Level 22.8 Fighting
 + Level 24.3 Long Blades
 * Level 14.5 Throwing
 + Level 17.2 Armour
 + Level 13.4 Dodging
 + Level 7.0 Stealth
 + Level 14.4 Evocations


You had 25 spell levels left.
You didn't know any spells.
Your spell library contained the following spells:

 Spells                   Type           Power      Damage    Failure   Level
 Foxfire                  Conj/Fire      0%         2x1d4     95%         1
 Kiss of Death            Conj/Necr      0%         2d5       95%         1
 Magic Dart               Conj           0%         1d3       95%         1
 Summon Small Mammal      Summ           0%         N/A       95%         1
 Mercury Vapours          Alch/Air       0%         N/A       99%         2
 Call Canine Familiar     Summ           0%         N/A       100%        3
 Confusing Touch          Hex            0%         N/A       100%        3
 Frozen Ramparts          Ice            0%         1d1       100%        3
 Hailstorm                Conj/Ice       0%         3d5       100%        3
 Mephitic Cloud           Conj/Alch/Air  0%         N/A       100%        3
 Summon Ice Beast         Ice/Summ       0%         N/A       100%        3
 Volatile Blastmotes      Fire/Tloc      0%         2d10      100%        3
 Dispel Undead            Necr           0%         3d6       100%        4
 Fulminant Prism          Conj/Alch      0%         3d5       100%        4
 Iskenderun's Mystic Bla  Conj/Tloc      0%         2d3       100%        4
 Leda's Liquefaction      Alch/Erth      0%         N/A       100%        4
 Petrify                  Alch/Erth      0%         N/A       100%        4
 Summon Blazeheart Golem  Fire/Summ      0%         N/A       100%        4
 Freezing Cloud           Conj/Ice/Air   0%         6-21      100%        5
 Irradiate                Conj/Alch      0%         3d11      100%        5
 Iskenderun's Battlesphe  Conj           0%         2d6       100%        5
 Metabolic Englaciation   Hex/Ice        0%         N/A       100%        5
 Bombard                  Conj/Erth      0%         9d1       100%        6
 Plasma Beam              Fire/Air       0%         2x1d10    100%        6
 Sculpt Simulacrum        Ice/Alch       0%         N/A       100%        6
 Starburst                Conj/Fire      0%         6d3       100%        6
 Haunt                    Necr/Summ      0%         N/A       100%        7
 Orb of Destruction       Conj           0%         9d5       100%        7
 Spellforged Servitor     Conj/Summ      0%         N/A       100%        7
 Borgnjor's Revivificati  Necr           Unusable   N/A       N/A         8
 Death's Door             Necr           Unusable   N/A       N/A         9

Dungeon Overview and Level Annotations

Branches:
Dungeon (15/15)            Temple (1/1) D:6            Lair (5/5) D:8
  Swamp (4/4) Lair:3       Spider (4/4) Lair:2        Slime (0/5) Lair:5
    Orc (2/2) D:11            Elf (3/3) Orc:2        Vaults (5/5) D:14
  Crypt (3/3) Vaults:3       Tomb (0/3) Crypt:3      Depths (4/4) D:15
    Zot (5/5) Depths:4     Bailey (visited)           IceCv (visited)
Volcano (visited)          WizLab (visited)

Altars:
Ashenzari
Cheibriados
Dithmenos
Fedhas
Gozag
Hepliaklqana
Kikubaaqudgha
Makhleb
Nemelex Xobeh
Okawaru
Qazlal
Ru
Sif Muna
Trog
Uskayaw
Vehumet
Wu Jian
Xom
Yredelemnul
Jiyva

Shops:
D:1 :   D:3 [   Orc:2 [*[:[*([   Elf:1 *   Elf:3 *   Vaults:1 ((   Vaults:3 [
Depths:1 [   Depths:2 *

Portals:
Hell: Depths:1 Depths:2 Depths:3 Depths:4
Abyss: Depths:2 Depths:3
Pandemonium: Depths:2
Ziggurat: Depths:3
Trove: Elf:1 (give +4 ice dragon scales)


Innate Abilities, Weirdness & Mutations

You are immune to poison.
Your flesh is cold resistant. (rC+)
You are immune to negative energy. (rN+++)
You are immune to unholy pain and torment.
You are vulnerable to heat. (rF-)
You are strongly in touch with the powers of death.
You do not drink.
You have a special connection with the divine. (Faith)


Message History

The profane servitor is almost destroyed.
The profane servitor hits you but does no damage.
The profane servitor hits you with a +3 whip.
You closely miss the profane servitor.
The profane servitor is almost destroyed.
The profane servitor barely misses you.
The profane servitor hits you but does no damage.
You completely miss the profane servitor.
The profane servitor is almost destroyed.
The profane servitor hits you with a +3 whip.
The profane servitor barely misses you.
You completely miss the profane servitor.
The profane servitor is almost destroyed.
The profane servitor closely misses you.
The profane servitor hits you but does no damage.
You hit the profane servitor but do no damage.
The profane servitor is almost destroyed.
The profane servitor hits you with a +3 whip!
The profane servitor hits you but does no damage.
You closely miss the profane servitor.
The profane servitor is almost destroyed.
The profane servitor hits you but does no damage.
The profane servitor misses you.
You slice the profane servitor like a ripe choko!!!
You burn the profane servitor.
You destroy the profane servitor!
Trog accepts your kill.
There is a stone staircase leading up here.
You climb upwards.
Level annotation: exclusion: door
There is a stone staircase leading down here.
You're already here!
Unknown command.
Aiming: Dig
Press: ? - help, Shift-Dir - straight line A rock wall.
This square is covered in magical glow.
The rock shatters into small pieces.
There is a staircase leading out of the dungeon here.
What are your orders? t - Shout!
Orders for allies: a - Attack new target. r - Retreat! s - Stop attacking. g - Guard the area. f - Follow me.
Anything else - Cancel.
Follow me!
You swap places.
You swap places.
There is a staircase leading out of the dungeon here.
You have escaped!

)####.....#.#.##.#...###.........
..........+......#.........######
.######...#.##.##########.## #...
.# #...#.##.###8.8####.# #.#. .#
#...#.#..##......##.####... ≈#
#...#.##.##......##...####. .#
#...#.##.##..8...###...###. .#
#...#.##.#8......###....##. .#
#...#.##..@H.....+.#....##. .#
#####.##.#8H.....#......##. ##
#.##.##..8...###.....##
#.##.##......# #####.## ######
#.##.##......# #.## .....#
#....###8.8### #...
.....#################### ###.
.....+..................# #.
!....##################.# ##


You could see 2 friendly jorogumos.

Vanquished Creatures
  4 ancient liches
  4 orbs of fire
  4 dread liches
  2 juggernauts (Depths:2)
  Sojobo (Depths:2)
  Josephina (Depths:2)
  Boris (thrice) (Depths:1 Depths:4 Vaults:5)
  the Lernaean hydra (Swamp:4)
  Bai Suzhen (Crypt:1)
  2 Killer Klowns (Zot:5)
  2 curse toes
  2 bone dragons
  7 golden dragons
  2 profane servitors
  the Enchantress (Depths:1)
  A Brimstone Fiend (Depths:3)
  3 doom hounds (Zot:3)
  The ghost of Minguic the Brawler, an adept TrHW of Okawaru (Spider:1)
  13 tentacled monstrosities
  Jorgrun (Swamp:3)
  An electric golem (Zot:5)
  Rupert (D:13)
  A walking crystal tome (Depths:4)
  22 Orb Guardians (Zot:5)
  A walking earthen tome (Depths:3)
  Grunn (Zot:3)
  3 liches
  Mlioglotl (Spider:4)
  A deep elf master archer (Elf:3)
  A walking frostbound tome (Depths:3)
  4 titans (Vaults:5)
  5 quicksilver dragons
  Asterion (Depths:2)
  2 deep elf blademasters
  2 walking divine tomes (Depths:3)
  6 ancient champions
  Gastronok (Lair:3)
  Frances (D:14)
  2 Executioners
  6 sphinxes
  6 death cobs
  6 shadow dragons
  A tentacled starspawn (Abyss:3)
  Aizul (Spider:4)
  3 revenants
  11 tengu reavers
  Roxanne (Swamp:3)
  9 protean progenitors
  The ghost of vurker the Warrior, an adept DjAE of Makhleb (Swamp:1)
  2 narguns (Depths:3)
  14 storm dragons
  A fenstrider witch (Swamp:2)
  5 draconian shifters
  4 draconian knights
  3 draconian monks
  An iron dragon (Depths:2)
  6 frost giants
  8 fire giants
  13 vault wardens
  2 emperor scorpions
  9 deep elf sorcerers
  7 draconian scorchers
  4 deep elf elementalists
  Louise (Elf:2)
  A balrug (Depths:3)
  An orc warlord (Orc:2)
  3 cacodemons (Depths:3)
  2 quicksilver oozes (Zot:4)
  4 curse skulls
  4 spriggan defenders
  A ghoul (Crypt:3)
  6 ghost moths
  A reaper (Crypt:2)
  7 draconian stormcallers
  12 very ugly things
  11 broodmothers
  2 juggernaut skeletons (Crypt:3)
  11 draconian annihilators
  20 ironbound preservers
  3 formless jellyfish
  13 stone giants
  A caustic shrike skeleton (Crypt:3)
  5 ironbound thunderhulks
  A rockslime zombie (Crypt:3)
  11 deep elf demonologists
  7 eleionomae
  7 vampire knights
  20 dire elephants
  8 green draconians
  9 white draconians
  8 deep elf annihilators
  4 deep elf death magi
  10 black draconians
  23 purple draconians
  A lorocyproca (Depths:2)
  4 red draconians
  12 yellow draconians
  2 war gargoyles
  4 spark wasps
  5 bunyips
  7 statues (WizLab)
  4 eidola
  2 merfolk javelineers (Depths:3)
  13 yaktaur captains
  9 jiangshi
  15 ettins
  2 green deaths
  10 entropy weavers
  A fenstrider witch zombie (Crypt:3)
  28 vault guards
  9 ice dragons
  15 hydras
  A quicksilver dragon skeleton (Crypt:2)
  5 great orbs of eyes
  2 rakshasas
  10 fire dragons
  A ghost crab (Swamp:2)
  2 jorogumos
  8 radroaches
  4 spriggan air magi
  A catoblepas (D:13)
  12 ironbound frosthearts
  7 deep elf high priests
  11 centaur warriors
  4 ogre magi
  A fenstrider witch skeleton (Crypt:1)
  5 death knights
  10 alligators
  21 dancing weapons
  5 boulder beetles
  The ghost of beef the Mimic, a novice DrSh of Qazlal (D:9)
  The ghost of Tomate the Covert, a journeyman SpAl of Dithmenos (D:12)
  14 death yaks
  6 vampire magi
  5 deep troll earth magi
  15 two-headed ogres
  10 tengu warriors
  7 occultists
  9 deep troll shamans
  A spectral emperor scorpion (Spider:1)
  3 thrashing horrors (Abyss:3)
  3 spriggan berserkers
  19 deep elf knights
  18 hell knights
  5 wretched stars
  6 demonic crawlers
  3 soul eaters
  Sonja (Lair:3)
  A storm dragon zombie (Crypt:2)
  A sun demon (Depths:2)
  A spectral ghost moth (Spider:1)
  2 pharaoh ants (Spider:4)
  5 iron trolls
  4 shadow wraiths
  A cherub (D:14)
  2 sixfirhies
  61 deep trolls
  4 arcanists
  Amaemon (Lair:1)
  4 skeletal warriors
  2 death drakes (Zot:4)
  10 swamp dragons
  6 goliath frogs
  A spark wasp zombie (Depths:2)
  6 sun moths
  4 flayed ghosts
  11 orb spiders
  A glowing orange brain (shapeshifter) (Elf:2)
  A shock serpent (shapeshifter) (Crypt:2)
  A bunyip skeleton (Crypt:1)
  3 bog bodies
  7 spriggan druids
  20 ironbound convokers
  A spriggan simulacrum (Crypt:3)
  5 harpies (Vaults:1)
  6 orc knights
  3 necromancers
  7 phantasmal warriors
  3 lindwurms (Vaults:1)
  3 starcursed masses (Abyss:3)
  25 deep elf zephyrmancers
  10 deep elf archers
  A tengu skeleton (Vaults:3)
  9 steelbarb worms
  4 oklob plants
  37 deep elf pyromancers
  2 orc sorcerers
  A mana viper (shapeshifter) (Vaults:5)
  26 wolf spiders
  A faun (shapeshifter) (Depths:2)
  12 cyclopes
  31 moths of wrath
  A goliath frog skeleton (Crypt:1)
  25 ugly things
  11 elephants
  2 manticores
  2 will-o-the-wisps
  2 toenail golems (Volcano)
  A salamander (D:15)
  A rust devil (Zot:1)
  A dire elephant zombie (Crypt:2)
  8 meliai
  A centaur zombie (Crypt:1)
  6 black mambas
  An ice statue (IceCv)
  20 vault sentinels
  A guardian serpent (Lair:5)
  A titan simulacrum (Depths:2)
  8 torpor snails
  2 smoke demons
  A stone giant skeleton (Crypt:2)
  5 gargoyles (D:12)
  A water nymph (D:15)
  14 cane toads
  4 large abominations
  An unseen horror (Crypt:2)
  A centaur skeleton (Crypt:3)
  4 rime drakes
  32 yaktaurs
  10 komodo dragons
  An orange demon (Lair:1)
  A green draconian zombie (Crypt:3)
  2 golden dragon simulacra (Depths:2)
  A guardian mummy (Crypt:3)
  Jeremiah (Lair:1)
  20 tengu conjurers
  11 freezing wraiths
  2 spriggan skeletons
  2 harpy zombies
  A minotaur skeleton (Crypt:2)
  A queen bee (Spider:2)
  13 trolls
  2 bloated husks (Swamp:3)
  2 ghost moth simulacra (Spider:1)
  A merfolk (shapeshifter) (Vaults:5)
  16 hornets
  10 polar bears
  An ancient zyme (Abyss:3)
  2 glass eyes
  8 tyrant leeches
  8 raiju (Abyss:3)
  A wolf spider simulacrum (Spider:1)
  A tarantella (shapeshifter) (D:13)
  A guardian serpent zombie (Crypt:3)
  12 dream sheep (Lair:3)
  8 blink frogs
  2 ettin zombies
  A fire giant simulacrum (Depths:2)
  A draconian simulacrum (Crypt:1)
  19 culicivoras
  2 radroach zombies
  35 tarantellas
  A centaur simulacrum (D:13)
  35 slime creatures
  30 jumping spiders
  15 spriggans
  3 shadows
  A black mamba zombie (Crypt:2)
  5 air elementals
  9 wraiths
  4 vampires
  11 wyverns
  12 water elementals
  3 basilisks
  10 humans
  73 yaks
  A wind drake zombie (Crypt:3)
  2 golden eyes (Abyss:3)
  3 steam dragons
  A neqoxec (Abyss:3)
  A redback (shapeshifter) (Depths:1)
  18 vampire mosquitoes
  2 chaos spawn
  A warg (Orc:1)
  A spectral entropy weaver (Spider:1)
  13 swamp worms
  41 redbacks
  Edmund (D:5)
  A naga zombie (Crypt:3)
  4 acid dragons
  2 hell hounds (Orc:2)
  25 water moccasins
  A swamp worm (shapeshifter) (Vaults:4)
  26 orc warriors
  2 sky beasts
  2 glowing shapeshifter skeletons
  14 swamp drakes
  2 black bears
  A blink frog zombie (Crypt:1)
  24 laughing skulls
  A boggart (shapeshifter) (Elf:1)
  A lindwurm zombie (Crypt:1)
  A swamp dragon skeleton (Crypt:2)
  26 ogres
  5 boggarts
  32 wolves
  A tengu (shapeshifter) (D:13)
  11 centaurs
  A dream sheep skeleton (Crypt:1)
  A phantom (Crypt:2)
  5 kobold brigands
  2 weeping skulls (Abyss:3)
  An earth elemental (Elf:2)
  A brain worm (Abyss:3)
  13 bullfrogs
  A bullfrog (shapeshifter) (D:13)
  A human skeleton (Vaults:3)
  A glowing shapeshifter simulacrum (Depths:2)
  A gnoll sergeant (D:6)
  6 scorpions
  4 small abominations (Abyss:3)
  9 wights
  2 entropy weaver simulacra (Spider:1)
  2 elephant simulacra (Lair:2)
  A human simulacrum (Vaults:3)
  26 killer bees
  9 howler monkeys
  A yak skeleton (Crypt:1)
  3 electric eels (D:7)
  6 bombardier beetles
  3 gnoll boudas
  2 jellies (D:6)
  3 hounds
  13 orc priests
  Terence (D:3)
  6 iguanas
  19 orc wizards
  A wolf simulacrum (Lair:2)
  An acid dragon zombie (Crypt:3)
  11 mummies (Crypt:3)
  24 gnolls
  6 adders
  A swamp drake skeleton (Crypt:3)
  3 white imps
  2 ufetubi (D:5)
  A lava snake zombie (Crypt:1)
  8 dart slugs
  A ribbon worm (D:3)
  85 orcs
  10 bats
  9 endoplasms
  4 giant cockroaches
  12 goblins
  10 hobgoblins
  4 jackals
  4 quokkas
  5 ball pythons
  A dart slug zombie (Crypt:3)
  A frilled lizard (D:2)
  A giant cockroach zombie (Crypt:3)
  26 kobolds
  3 rats
  4 aspiring fleshes
  3 starspawn tentacles (Abyss:3)
2401 creatures vanquished.

Vanquished Creatures (collateral kills)
  A curse toe (Zot:4)
  A tentacled monstrosity (Swamp:1)
  2 death cobs
  An ancient champion (Crypt:3)
  A tentacled starspawn (Abyss:3)
  A storm dragon (Zot:5)
  A draconian knight (Zot:4)
  The ghost of Remoilim the Black Belt, an adept TeSh of Cheibriados (Spider:3)
  A draconian scorcher (Zot:4)
  A vault warden (Vaults:2)
  2 ironbound preservers
  2 very ugly things (Vaults:5)
  A stone giant (Depths:2)
  The ghost of Stonecrops the Blocker, a journeyman GrGl of Gozag (Lair:4)
  2 fire dragons
  A vault guard (Vaults:1)
  A hydra (Lair:5)
  The ghost of Ignak the Thaumaturge, a journeyman GnAE of Sif Muna (Orc:2)
  An ironbound frostheart (Vaults:1)
  An alligator (Zot:4)
  An ice dragon (Lair:5)
  A dancing weapon (Elf:2)
  An occultist (Depths:2)
  A vampire mage (Crypt:3)
  2 wretched stars (D:14)
  An orc high priest (Orc:2)
  A titan skeleton (Crypt:2)
  A shadow wraith (Crypt:1)
  5 skeletal warriors
  A cherub (D:14)
  A pharaoh ant (Spider:4)
  A sun moth (Zot:5)
  2 orc knights (Orc:2)
  A necromancer (Crypt:2)
  A deep elf pyromancer (D:14)
  A wolf spider (Spider:4)
  2 moths of wrath
  4 slime creatures
  A cane toad (Lair:4)
  A rime drake (Lair:5)
  A yaktaur (Vaults:2)
  A komodo dragon (Lair:5)
  A hydra zombie (Crypt:2)
  A great orb of eyes zombie (Crypt:2)
  2 hornets
  A raiju (Abyss:3)
  A centaur simulacrum (Crypt:2)
  2 spriggans (Swamp:1)
  A water elemental (Elf:2)
  A warg (Orc:2)
  A redback (Spider:4)
  3 vampire mosquitoes (D:14)
  3 orc warriors (Orc:2)
  A laughing skull (Crypt:2)
  A small abomination (Crypt:2)
  2 orc priests (Orc:2)
  A hell rat (Crypt:2)
  A mummy (Crypt:3)
  4 orcs (Orc:2)
  An aspiring flesh (Zot:5)
84 creatures vanquished.

Vanquished Creatures (others)
  A fenstrider witch (Swamp:3)
  2 bunyips (Zot:4)
  An alligator (Swamp:4)
  An occultist (Depths:2)
  A deep elf archer (Elf:1)
  A deep elf zephyrmancer (Elf:2)
  4 bloated husks
  A polar bear (IceCv)
  A neqoxec (Abyss:3)
  19 foxfires
  3 starspawn tentacles (Abyss:3)
35 creatures vanquished.

Grand Total: 2520 creatures vanquished

Notes
Turn   | Place    | Note
-------+----------+-------------------------------------------
     0 | D:1      | Ge0ff the Mummy Berserker began the quest for the Orb.
     0 | D:1      | Reached XP level 1. HP: 18/18 MP: 1/1
   126 | D:1      | Reached XP level 2. HP: 24/24 MP: 2/2
   142 | D:1      | Reached skill level 3 in Long Blades
   442 | D:1      | Found Faocar's Book Shop.
   449 | D:1      | Reached ** piety under Trog
   659 | D:1      | Reached XP level 3. HP: 29/29 MP: 3/3
  1407 | D:2      | Reached skill level 1 in Throwing
  1534 | D:2      | Reached XP level 4. HP: 35/35 MP: 4/4
  1581 | D:3      | Reached skill level 4 in Long Blades
  1765 | D:3      | Found Watinef's Antique Armour Shoppe.
  1883 | D:3      | Noticed Terence
  1910 | D:3      | Killed Terence
  1956 | D:3      | Reached *** piety under Trog
  2065 | D:3      | Noticed a bullfrog
  2076 | D:3      | Killed a bullfrog
  2077 | D:3      | Reached skill level 5 in Long Blades
  2077 | D:3      | Reached XP level 5. HP: 26/41 MP: 5/5
  2895 | D:3      | Reached XP level 6. HP: 19/47 MP: 6/6
  3252 | D:4      | Reached skill level 6 in Long Blades
  3754 | D:5      | Entered Level 5 of the Dungeon
  3763 | D:4      | Reached XP level 7. HP: 42/53 MP: 7/7
  4136 | D:5      | Reached **** piety under Trog
  4151 | D:5      | Reached skill level 7 in Long Blades
  4295 | D:5      | Noticed Edmund
  4324 | D:5      | Killed Edmund
  4325 | D:5      | Reached skill level 1 in Stealth
  4325 | D:5      | Reached skill level 1 in Evocations
  4387 | D:5      | Reached skill level 5 in Fighting
  4387 | D:5      | Reached XP level 8. HP: 50/62 MP: 8/8
  5016 | D:6      | Found a staircase to the Ecumenical Temple.
  5037 | Temple   | Entered the Ecumenical Temple
  5567 | D:6      | Identified a scroll of acquirement
  5568 | D:6      | Acquired the ring "Qykoala" {^Contam +Blink rN+ Int+2
                  | Dex+6}
  5668 | D:6      | Reached skill level 8 in Long Blades
  5763 | D:6      | HP: 2/62 [ogre/+0 giant club (19)]
  6236 | D:6      | Reached XP level 9. HP: 58/68 MP: 9/9
  6240 | D:6      | Reached ***** piety under Trog
  6246 | D:6      | Reached skill level 9 in Long Blades
  6462 | D:6      | Found a blossoming altar of Fedhas.
  6477 | D:6      | Noticed an oklob plant
  8099 | D:8      | Reached skill level 10 in Long Blades
  8686 | D:8      | Reached XP level 10. HP: 12/77 MP: 10/10
  8907 | D:8      | Received a gift from Trog
  9244 | D:8      | Found a staircase to the Lair.
  9585 | D:9      | Found a flagged portal.
  9595 | Bailey   | Entered a bailey
  9603 | Bailey   | Noticed an orc knight
  9734 | Bailey   | Identified the +2 robe of the Hills {rC+ Int+4 Dex+2}
  9738 | Bailey   | Noticed an orc knight
  9816 | Bailey   | Killed an orc knight
  9816 | Bailey   | Killed an orc knight
  9817 | Bailey   | Reached skill level 11 in Long Blades
 10076 | D:9      | Noticed a two-headed ogre
 10183 | D:9      | Found a transporter.
 10185 | D:9      | Identified the ring "Ysecipp" {rF- AC+4 Dex+9}
 10185 | D:9      | Noticed a deep elf pyromancer
 10230 | D:9      | Noticed beef's ghost (novice DrSh)
 10252 | D:9      | Found a transporter.
 10538 | D:9      | Noticed a two-headed ogre
 10576 | D:9      | Reached skill level 12 in Long Blades
 10671 | D:9      | Received a gift from Trog
 10701 | D:9      | Killed a two-headed ogre
 11137 | D:3      | Bought a runed plate armour for 494 gold pieces
 11303 | D:10     | Entered Level 10 of the Dungeon
 11426 | D:10     | Reached XP level 11. HP: 76/84 MP: 11/11
 12756 | D:11     | Noticed a two-headed ogre
 12768 | D:11     | Killed a two-headed ogre
 13235 | D:11     | Noticed a purple ugly thing
 13243 | D:11     | Killed a purple ugly thing
 13294 | D:11     | Found a staircase to the Orcish Mines.
 13301 | D:11     | Reached ****** piety under Trog
 13302 | D:11     | Reached skill level 13 in Long Blades
 13349 | D:11     | Acquired the ring "Foetze Korch" {rF+ Will+}
 13464 | Lair:1   | Entered Level 1 of the Lair of Beasts
 13612 | Lair:1   | Received a gift from Trog
 13613 | Lair:1   | Reached skill level 5 in Evocations
 13619 | Lair:1   | Noticed Amaemon
 13638 | Lair:1   | Killed Amaemon
 13833 | Lair:1   | Noticed Jeremiah
 13841 | Lair:1   | Killed Jeremiah
 13948 | Lair:1   | Reached XP level 12. HP: 39/94 MP: 12/12
 15132 | Lair:2   | Found a frozen archway.
 15165 | IceCv    | Entered an ice cave
 15408 | IceCv    | Reached skill level 14 in Long Blades
 15408 | IceCv    | Reached skill level 5 in Armour
 15509 | IceCv    | Noticed a death yak
 15521 | IceCv    | Killed a death yak
 16254 | IceCv    | Noticed a death yak
 16469 | IceCv    | Noticed a death yak
 16469 | IceCv    | Noticed a death yak
 16469 | IceCv    | Noticed a death yak
 16472 | IceCv    | Noticed a death yak
 16479 | IceCv    | Killed a death yak
 16483 | IceCv    | Killed a death yak
 16487 | IceCv    | Killed a death yak
 16491 | IceCv    | Killed a death yak
 16491 | IceCv    | Received a gift from Trog
 16495 | IceCv    | Killed a death yak
 16496 | IceCv    | Reached skill level 10 in Fighting
 16565 | IceCv    | Noticed a death yak
 16565 | IceCv    | Noticed a frost giant
 16565 | IceCv    | Noticed a death yak
 16568 | IceCv    | Killed a death yak
 16568 | IceCv    | Killed a frost giant
 16569 | IceCv    | Gained mutation: You are strongly in touch with the powers
                  | of death. [Mummy growth]
 16569 | IceCv    | Reached XP level 13. HP: 59/103 MP: 13/13
 16812 | Lair:2   | Found a hole to the Spider Nest.
 18178 | Lair:3   | Noticed Sonja
 18183 | Lair:3   | Killed Sonja
 18663 | Lair:3   | Noticed Gastronok
 18684 | Lair:3   | Killed Gastronok
 18684 | Lair:3   | Received a gift from Trog
 19141 | Lair:3   | Reached skill level 15 in Long Blades
 19432 | Lair:3   | Found a staircase to the Swamp.
 19614 | Lair:3   | Reached XP level 14. HP: 64/114 MP: 14/14
 20131 | Lair:4   | Found a shimmering altar of Xom.
 20461 | Lair:4   | Found a runed translucent door.
 20464 | Lair:4   | Noticed Stonecrops's ghost (journeyman GrGl)
 20473 | Lair:4   | Killed Stonecrops's ghost
 20487 | Lair:4   | Received a gift from Trog
 20811 | Lair:5   | Entered Level 5 of the Lair of Beasts
 22067 | Lair:5   | Identified the +1 scimitar of Trog's Inspiration {heavy,
                  | rN+} (Trog gifted it to you on level 5 of the Lair of
                  | Beasts)
 22067 | Lair:5   | Received a gift from Trog
 22145 | Lair:5   | Found a viscous altar of Jiyva.
 22145 | Lair:5   | Found a staircase to the Slime Pits.
 22528 | Lair:5   | Reached skill level 16 in Long Blades
 24105 | D:9      | Killed beef's ghost
 24339 | Orc:1    | Entered Level 1 of the Orcish Mines
 24397 | Orc:1    | Reached XP level 15. HP: 122/124 MP: 15/15
 24602 | Orc:2    | Entered Level 2 of the Orcish Mines
 24602 | Orc:2    | Found Werij's General Store.
 24872 | Orc:2    | Found Husef's General Store.
 24884 | Orc:2    | Bought a scroll of torment for 171 gold pieces
 24884 | Orc:2    | Bought a wand of quicksilver (7) for 529 gold pieces
 24915 | Orc:2    | Found a dark tunnel.
 24957 | Volcano  | Entered a volcano
 25040 | Volcano  | Received a gift from Trog
 25350 | Orc:2    | Found a staircase to the Elven Halls.
 25375 | Orc:2    | Found a runed translucent gate.
 25376 | Orc:2    | Found a runed translucent gate.
 25376 | Orc:2    | Noticed Ignak's ghost (journeyman GnAE)
 25377 | Orc:2    | Found a runed translucent gate.
 25398 | Orc:2    | Found Curreisk's Armour Shop.
 26169 | Orc:2    | Reached skill level 5 in Dodging
 26463 | Orc:1    | Received a gift from Trog
 26884 | Orc:2    | Found Gakiqivoj's Antique Weapon Shop.
 26889 | Orc:2    | Found Fofat's Book Shop.
 26903 | Orc:2    | Found Zatailim's Antique Armour Shoppe.
 26907 | Orc:2    | Found Doqid's Antique Armour Boutique.
 26951 | Orc:2    | Found Ano Tagg's Armour Shoppe.
 27340 | Orc:2    | Bought a fine plate armour for 644 gold pieces
 27340 | Orc:2    | Identified the +9 plate armour of Zeacej {rC+} (You bought
                  | it in a shop on level 2 of the Orcish Mines)
 27534 | D:12     | Found the +18 Lear's hauberk
 28074 | D:12     | You are sucked into a shaft and drop 2 floors!
 28226 | D:14     | Noticed Frances
 28234 | D:14     | Killed Frances
 28363 | D:14     | Identified the +7 triple sword of Bucsiona {flame, rPois
                  | rC+} (Trog gifted it to you on level 14 of the Dungeon)
 28363 | D:14     | Received a gift from Trog
 28686 | D:14     | Found the +1 cloak of Starlight {*Dazzle EV+4 Stlth--}
 29117 | D:12     | Found a runed translucent door.
 29119 | D:12     | Noticed Tomate's ghost (journeyman SpAl)
 29121 | D:12     | Identified the +8 spear "Oskyufaq" {flame, rPois rF- rC+++}
 29624 | D:12     | Killed Tomate's ghost
 29965 | D:13     | Reached XP level 16. HP: 134/134 MP: 16/16
 30026 | D:13     | Reached skill level 17 in Long Blades
 30163 | D:13     | Noticed Rupert
 30176 | D:13     | Killed Rupert
 30177 | D:13     | Reached skill level 15 in Fighting
 30986 | D:13     | Identified the +1 trident of Wariness {vamp, ^Drain rN+
                  | Str+3}
 31810 | D:14     | Found a gate to the Vaults.
 32054 | D:15     | Entered Level 15 of the Dungeon
 32408 | D:14     | Found a gate to the Vaults.
 33083 | D:14     | Found a gate to the Vaults.
 33805 | D:14     | Reached skill level 5 in Throwing
 34212 | D:15     | Found a staircase to the Depths.
 34543 | Orc:2    | Killed Ignak's ghost
 34553 | Orc:2    | Received a gift from Trog
 34834 | Orc:2    | Bought a jewelled chain mail for 218 gold pieces
 34834 | Orc:2    | Identified the +5 chain mail "Fecsux" {Rampage *Slow Int+3}
                  | (You bought it in a shop on level 2 of the Orcish Mines)
 35048 | Swamp:1  | Entered Level 1 of the Swamp
 35776 | Swamp:1  | Found a runed translucent door.
 35777 | Swamp:1  | Noticed a tentacled monstrosity
 35777 | Swamp:1  | Noticed vurker's ghost (adept DjAE)
 35788 | Swamp:1  | Killed a tentacled monstrosity
 35792 | Swamp:1  | Killed vurker's ghost
 36053 | Swamp:2  | HP: 4/138 [eleionoma (4)]
 36327 | Swamp:2  | Reached XP level 17. HP: 144/144 MP: 17/17
 36611 | Swamp:2  | You are sucked into a shaft and drop 1 floor!
 36621 | Swamp:3  | Noticed Jorgrun
 37519 | Swamp:2  | Reached skill level 18 in Long Blades
 38425 | Swamp:3  | Reached skill level 10 in Armour
 38790 | Swamp:3  | Noticed Roxanne
 38804 | Swamp:3  | Killed Roxanne
 38868 | Swamp:3  | Killed Jorgrun
 39324 | Swamp:4  | Entered Level 4 of the Swamp
 39709 | Swamp:4  | Noticed the 27-headed Lernaean hydra
 39786 | Swamp:4  | Killed the 25-headed Lernaean hydra
 40159 | Swamp:4  | Identified the +6 long sword "Aliylacu" {antimagic, rCorr
                  | Str+5 Dex+3}
 40276 | Swamp:4  | Got a decaying rune of Zot
 40802 | Orc:2    | Bought a spiked plate armour for 952 gold pieces
 40802 | Orc:2    | Identified the +0 plate armour "Zesimil" {+Blink SInv} (You
                  | bought it in a shop on level 2 of the Orcish Mines)
 41030 | Spider:1 | Entered Level 1 of the Spider Nest
 41045 | Spider:1 | Found a transporter.
 41049 | Spider:1 | Noticed Minguic's ghost (adept TrHW)
 41050 | Spider:1 | Found a transporter.
 41276 | Spider:1 | Received a gift from Trog
 43061 | Spider:2 | Reached XP level 18. HP: 153/154 MP: 18/18
 43179 | Spider:2 | Received a gift from Trog
 43648 | Spider:2 | Reached skill level 19 in Long Blades
 46265 | Spider:3 | Found a large runed translucent door.
 46265 | Spider:3 | Found a large runed translucent door.
 46266 | Spider:3 | Noticed Remoilim's ghost (adept TeSh)
 46311 | Spider:3 | Killed Remoilim's ghost
 46503 | Spider:3 | Identified the +9 orcbow of Ru's Whim {flame, rElec rC-
                  | Int+2 Dex+3}
 46622 | Spider:4 | Entered Level 4 of the Spider Nest
 46632 | Spider:4 | Received a gift from Trog
 46647 | Spider:4 | Noticed Mlioglotl
 46661 | Spider:4 | Killed Mlioglotl
 48230 | Spider:4 | Found a hide-covered altar of Uskayaw.
 48493 | Spider:4 | Identified the +5 chain mail "Xudioc" {+Blink Str+4}
 48755 | Spider:4 | Received a gift from Trog
 48964 | Spider:4 | Identified the serpent talisman of the Modern Beds {rN+
                  | MP+9}
 48964 | Spider:4 | Noticed Aizul
 48974 | Spider:4 | Killed Aizul
 49917 | Spider:4 | Found a hide-covered altar of Uskayaw.
 50446 | Spider:4 | Reached XP level 19. HP: 125/163 MP: 14/19
 50762 | Spider:4 | Got a gossamer rune of Zot
 51202 | Orc:2    | Bought +1 storm dragon scales for 1131 gold pieces
 51735 | Spider:1 | Killed Minguic's ghost
 52247 | Elf:1    | Entered Level 1 of the Elven Halls
 52265 | Elf:1    | Reached skill level 20 in Long Blades
 52834 | Elf:1    | Received a gift from Trog
 52835 | Elf:1    | Found Wycso's General Store.
 53075 | Elf:1    | Bought a scroll of fear for 52 gold pieces
 53240 | Elf:1    | Found a portal to a secret trove of treasure.
 54018 | Elf:1    | Identified the serpent talisman "Sayj" {Int+6 Dex-3}
 54108 | Elf:2    | Found a shimmering blue altar of Sif Muna.
 54328 | Elf:2    | Noticed Louise
 54595 | Elf:2    | Paralysed by an air elemental for 1 turns
 54598 | Elf:2    | Paralysed by an air elemental for 1 turns
 54719 | Elf:2    | Identified the +5 triple sword "Liedin Akimm" {heavy, rPois
                  | rN+ Str-2} (Trog gifted it to you on level 2 of the Elven
                  | Halls)
 54719 | Elf:2    | Received a gift from Trog
 54730 | Elf:2    | Paralysed by an air elemental for 1 turns
 55386 | Elf:2    | Killed Louise
 55673 | Elf:2    | Identified the maw talisman of Poor Excuses {rF++}
 55681 | Elf:2    | Found a runed translucent gate.
 55682 | Elf:2    | Found a runed translucent gate.
 55683 | Elf:2    | Found a runed translucent gate.
 56113 | Elf:2    | Received a gift from Trog
 56464 | Elf:3    | Entered Level 3 of the Elven Halls
 56592 | Elf:3    | Found a radiant altar of Vehumet.
 56613 | Elf:3    | Found Gasamnot's Assorted Antiques.
 57351 | Elf:3    | Identified the +3 morningstar of the Muttering Ass
                  | {protect, ^Fragile Int+2 Stlth+}
 57351 | Elf:3    | Identified the +6 trident "Ikkaf" {spect, rC+}
 57370 | Elf:3    | Reached XP level 20. HP: 157/172 MP: 17/20
 57407 | Elf:3    | Reached skill level 21 in Long Blades
 57580 | Elf:3    | Identified the +11 broad axe "Weizaon" {protect, rElec}
 57580 | Elf:3    | Identified the ring "Turin" {MP+9 Stlth+}
 58046 | Elf:3    | Received a gift from Trog
 58358 | Elf:3    | Found the +3 pair of seven-league boots {Rampage+∞}
 58665 | Vaults:1 | Entered Level 1 of the Vaults
 60218 | Vaults:1 | Found Coal's Weapon Emporium.
 60517 | Vaults:1 | Found Tafuomoq's Antique Weapon Boutique.
 60622 | Vaults:1 | Received a gift from Trog
 62093 | Vaults:2 | Received a gift from Trog
 62470 | Vaults:2 | Reached XP level 21. HP: 163/181 MP: 18/21
 63836 | Vaults:3 | Received a gift from Trog
 63837 | Vaults:3 | Reached skill level 22 in Long Blades
 63837 | Vaults:3 | Reached skill level 10 in Evocations
 64588 | Vaults:3 | Found a staircase to the Crypt.
 64588 | Vaults:3 | Found an ancient bone altar of Kikubaaqudgha.
 64590 | Vaults:3 | Found a basalt altar of Yredelemnul.
 64745 | Vaults:3 | Found Siytamp's Armour Boutique.
 65029 | Vaults:4 | Received a gift from Trog
 66319 | Vaults:4 | Received a gift from Trog
 66854 | Depths:1 | Entered Level 1 of the Depths
 66862 | Depths:1 | Found a gateway to Hell.
 66936 | Depths:1 | Found a hazy altar of Hepliaklqana.
 66967 | Depths:1 | Noticed the Enchantress
 66979 | Abyss:3  | Cast into level 3 of the Abyss (the Enchantress)
 67023 | Abyss:3  | Found a corrupted altar of Lugonu.
 67027 | Abyss:3  | Found a corrupted altar of Lugonu.
 67027 | Abyss:3  | Found a corrupted altar of Lugonu.
 67092 | Abyss:3  | Noticed a profane servitor
 67287 | Abyss:3  | Found a corrupted altar of Lugonu.
 67296 | Abyss:3  | Found a corrupted altar of Lugonu.
 67391 | Abyss:3  | Found a corrupted altar of Lugonu.
 67512 | Depths:1 | Escaped the Abyss
 67842 | Depths:1 | Received a gift from Trog
 67873 | Depths:1 | Found Bexus's Armour Emporium.
 67972 | Depths:1 | Reached XP level 22. HP: 190/190 MP: 22/22
 68315 | Depths:1 | Noticed Boris
 68337 | Depths:1 | Killed Boris
 69093 | Depths:1 | Killed the Enchantress
 69387 | Depths:2 | Received a gift from Trog
 69444 | Depths:2 | Noticed Asterion
 69462 | Depths:2 | Killed Asterion
 69574 | Depths:2 | Found a magical portal.
 69574 | Depths:2 | Identified the ring "Cyeqoilon" {Ice rN+ Dex+3 SInv Stlth-}
 69574 | Depths:2 | Noticed Josephina
 69606 | Depths:2 | Killed Josephina
 69763 | WizLab   | Entered Iskenderun's Mystic Tower
 70022 | WizLab   | Received a gift from Trog
 71143 | WizLab   | Got Iskenderun's Book of Confrontation
 71143 | WizLab   | Got Iskenderun's Papyrus of Blasting
 71230 | WizLab   | Identified the ring "Nukageta" {rC- rN+ MP-9 Int+9 SInv}
 71704 | Depths:2 | Found Nulidwe's Island Escapes.
 71712 | Depths:2 | Bought a scroll of blinking for 135 gold pieces
 71712 | Depths:2 | Bought a scroll of fog for 72 gold pieces
 71811 | Depths:2 | Noticed a juggernaut
 71826 | Depths:2 | Killed a juggernaut
 72003 | Depths:2 | Noticed Sojobo
 72290 | Depths:2 | Found a one-way gate leading to the halls of Pandemonium.
 72768 | Depths:2 | Killed Sojobo
 72993 | Depths:2 | Found a one-way gate to the infinite horrors of the Abyss.
 73061 | Depths:2 | Received a gift from Trog
 73312 | Depths:2 | Noticed a juggernaut
 73320 | Depths:2 | Killed a juggernaut
 73321 | Depths:2 | Reached skill level 10 in Dodging
 73688 | Depths:2 | Identified the staff "Duroekehe" {rElec Int+4 Earth}
 74187 | Depths:3 | Reached XP level 23. HP: 164/198 MP: 21/23
 74478 | Depths:3 | Found a burning altar of Makhleb.
 74483 | Depths:3 | Found the amulet of the Four Winds {rN+ Will+++ Clar}
 74507 | Depths:3 | Identified the +1 leather armour of the Constellations
                  | {+Inv Str+6}
 74516 | Depths:3 | Identified the staff "Ihocujul" {rC+ rCorr Dex+2 Ice}
 75072 | Depths:3 | Reached skill level 15 in Armour
 75315 | Depths:3 | Found a one-way gateway to a ziggurat.
 75336 | Depths:3 | Received a gift from Trog
 75434 | Depths:3 | Identified the +6 double sword of Descent {vamp, Int+4}
 75612 | Depths:3 | Reached skill level 10 in Throwing
 76352 | Depths:4 | Entered Level 4 of the Depths
 76373 | Depths:4 | Noticed Boris
 76423 | Depths:4 | Killed Boris
 77378 | Depths:4 | Received a gift from Trog
 78160 | Depths:4 | Found a gate to the Realm of Zot.
 78438 | Crypt:1  | Entered Level 1 of the Crypt
 78706 | Crypt:3  | Entered Level 3 of the Crypt
 78902 | Crypt:3  | Received a gift from Trog
 79329 | Crypt:3  | Reached skill level 23 in Long Blades
 79487 | Crypt:3  | Noticed a curse toe
 79655 | Crypt:3  | Reached XP level 24. HP: 191/208 MP: 14/23
 79810 | Crypt:3  | Found an ancient bone altar of Kikubaaqudgha.
 79812 | Crypt:3  | Found a basalt altar of Yredelemnul.
 79823 | Crypt:3  | Got an ivory gem with 484 turns to spare
 79844 | Crypt:3  | Found the +18 shield of the Gong {Loud rN+ Will+ rCorr
                  | EV-5}
 80613 | Crypt:3  | Found a staircase to the Tomb.
 80784 | Crypt:1  | Noticed Bai Suzhen
 80798 | Crypt:1  | Killed Bai Suzhen
 81170 | Crypt:1  | Identified the +6 great sword of Gloom {heavy, *Slow rC+
                  | Dex+3} (Trog gifted it to you on level 1 of the Crypt)
 81170 | Crypt:1  | Received a gift from Trog
 82302 | Crypt:2  | Found a runed translucent gate.
 82304 | Crypt:2  | Found a runed translucent gate.
 82306 | Crypt:2  | Found a runed translucent gate.
 82975 | Crypt:2  | Received a gift from Trog
 83254 | Vaults:4 | You are sucked into a shaft and drop 1 floor!
 83254 | Vaults:5 | Entered Level 5 of the Vaults
 83333 | Vaults:5 | Noticed an ancient lich
 83366 | Vaults:5 | Killed an ancient lich
 83610 | Vaults:5 | Identified the +1 leather armour "Hero's Friend" {Dex+2}
 83718 | Vaults:5 | Received a gift from Trog
 83805 | Vaults:5 | Identified the +11 falchion "Gevecw" {heavy, rN+}
 83877 | Vaults:5 | Noticed Boris
 83897 | Vaults:5 | Killed Boris
 83984 | Vaults:5 | Identified the +5 morningstar of Severance {spect, Str+6
                  | Dex+3 Stlth+}
 84019 | Vaults:5 | Noticed an ancient lich
 84027 | Vaults:5 | Killed an ancient lich
 84697 | Vaults:5 | Identified the ring "Hiotwer" {rF- Will+++ Int+6 Stlth-}
 85193 | Vaults:5 | Identified the +0 ring mail of Prudence {-Cast rPois rF+
                  | SInv}
 85473 | Vaults:5 | Received a gift from Trog
 85518 | Vaults:5 | Reached XP level 25. HP: 207/216 MP: 23/23
 85636 | Vaults:5 | Identified the +3 shadow dragon scales of Prudence {Slay+4
                  | Stlth++++}
 85892 | Vaults:5 | Got a silver rune of Zot
 85975 | Vaults:5 | Noticed an ancient lich
 85982 | Vaults:5 | Killed an ancient lich
 85987 | Vaults:5 | Noticed a dread lich
 85996 | Vaults:5 | Killed a dread lich
 86031 | Vaults:5 | Identified the +5 triple crossbow "Kekko" {flame, Will-
                  | Int+6 SInv Stlth+}
 86307 | Vaults:5 | Identified the +3 quick blade "Giant's Foe" {heavy, Str+2}
 87022 | Elf:1    | Bought a scroll of teleportation for 39 gold pieces
 87097 | Elf:3    | Bought an ancient plate armour for 896 gold pieces
 87097 | Elf:3    | Identified the +9 plate armour of Wavaum {Rampage MP-9
                  | Str+7 Int+3} (You bought it in a shop on level 3 of the
                  | Elven Halls)
 87097 | Elf:3    | Bought a scroll of enchant weapon for 240 gold pieces
 87765 | Zot:1    | Entered Level 1 of the Realm of Zot
 88740 | Zot:1    | Received a gift from Trog
 90597 | Zot:4    | Noticed an orb of fire
 90612 | Zot:4    | Killed an orb of fire
 90612 | Zot:4    | Received a gift from Trog
 90716 | Zot:4    | Reached skill level 24 in Long Blades
 91361 | Zot:3    | Reached skill level 5 in Stealth
 91664 | Zot:3    | Reached XP level 26. HP: 197/226 MP: 23/23
 91670 | Zot:3    | Noticed Grunn
 91682 | Zot:3    | Killed Grunn
 91841 | Zot:3    | Received a gift from Trog
 92389 | Zot:4    | Noticed an orb of fire
 92409 | Zot:4    | Killed an orb of fire
 93102 | Zot:5    | Entered Level 5 of the Realm of Zot
 95044 | Zot:5    | Identified the +8 great sword "Ykoradd" {heavy, Fly} (Trog
                  | gifted it to you on level 5 of the Realm of Zot)
 95044 | Zot:5    | Received a gift from Trog
 95055 | Zot:5    | Noticed a dread lich
 95062 | Zot:5    | Killed a dread lich
 96778 | Zot:5    | Noticed a dread lich
 96794 | Zot:5    | Noticed an ancient lich
 96797 | Zot:5    | Killed a dread lich
 96798 | Zot:5    | Noticed a dread lich
 96808 | Zot:5    | Killed an ancient lich
 96810 | Zot:5    | Noticed an orb of fire
 96810 | Zot:5    | Noticed an orb of fire
 96927 | Zot:5    | Killed an orb of fire
 97016 | Zot:5    | Killed an orb of fire
 97331 | Zot:5    | Killed a dread lich
 98001 | Zot:5    | Noticed a dread lich
 98187 | Zot:5    | Got the Orb of Zot
 98342 | Depths:4 | Noticed Doazaekk the pandemonium lord
 98663 | D:6      | Noticed Plog the pandemonium lord
 98747 | D:$      | Escaped with the Orb!

Illustrated notes

Levels and vault maps discovered:
D:1:      mrwooster_arrival_statue_3, layout_basic, serial_shops,
          nicolae_diamond_shop
D:2:      layout_basic, basic_altar
D:3:      layout_loops_cross, serial_shops, shop, uniq_terence
D:4:      layout_cave_pools
D:5:      layout_basic, uniq_edmund
D:6:      layout_basic, tgw_fedhas, minmay_temple_entry_stoned_glass
D:7:      kennysheep_slugbush, layout_basic, nicolae_zig_zag_zippers
D:8:      layout_basic, lair_entry_dummy
D:9:      layout_loops_corners, enter_bailey_3, nzn_ghost_randoct
D:10:     layout_cross, nrook_mini_vaults, minivault_11, st_stairs_6
D:11:     layout_loops_ring, kennysheep_orc_monster_closet_entryway
D:12:     cheibrodos_statue_roulette, layout_loops_ring,
          ebering_ghost_funeral_grove
D:13:     minmay_swirls_squares, layout_irregular_city, serial_co_window_serial,
          co_window_corner_a, co_window_paths_a, co_window_paths_a,
          co_window_of_opportunity_a, co_window_paths_b,
          co_window_of_opportunity_a, co_window_corner_cb, co_window_2corner,
          co_window_unsneaky_path_d, co_window_corner_b, co_window_2corner,
          co_window_corner_b, glass_columns_a, chequers_mini_garden, uniq_rupert
D:14:     layout_roguey, hellmonk_vaults_order_and_chaos, serial_park_gazebo
          [serial_park_minivault_5x5_4], hellmonk_guarded_unrand_starlight,
          uniq_frances
D:15:     hangedman_depths_entry_try_elsewhere_first, layout_cave_pools
Temple:   nicolae_temple_bog_church
Lair:1:   layout_cave_pods, serial_bayou_shore_a, lemuel_fruit_tree,
          infiniplex_staircase_pool, grunt_megastairs_4, uniq_jeremiah,
          uniq_amaemon
Lair:2:   layout_long_grid, hellmonk_spider_entry_not_the_bees,
          portal_ice_cave_entry_ice_simulacra
Lair:3:   slaughterhouse, layout_regular_city,
          mainiacjoe_swamp_entry_angry_trees, uniq_sonja, uniq_gastronok
Lair:4:   layout_long_grid, gammafunk_ghost_grave,
          chequers_serial_rivers_micro_e, minmay_lair_oklob_items,
          lemuel_oklob_altar
Lair:5:   guppyfry_lair_end_dragon, layout_long_grid,
          hangedman_lair_tendril_chambers, dpeg_slime_entry_enclosed
Swamp:1:  layout_basic_swamp, ebering_ghost_inner_flame,
          evilmike_swamp_ruin_house_3
Swamp:2:  layout_basic_swamp, nicolae_swamp_big_swirl
Swamp:3:  nicolae_swamp_husk_halls, layout_basic_swamp,
          evilmike_swamp_ruin_house_2, uniq_jorgrun, uniq_roxanne
Swamp:4:  swamp, layout_basic_swamp
Spider:1: layout_spider_delve, gammafunk_ghost_mausoleum
Spider:2: nicolae_spider_hall_of_the_moth_king
Spider:3: layout_spider_delve, ebering_ghost_disaster_area, special_room
          [special_room_bee]
Spider:4: hellmonk_spider_rune_endless_swarm, nicolae_spider_altar_of_dancing,
          uniq_aizul, uniq_mlioglotl
Orc:1:    layout_caves
Orc:2:    st_orc_open, layout_caves, enter_volcano_3,
          biasface_ghost_orc_armoury, serial_shops, shop,
          nicolae_lakefront_shop, nicolae_shop_real_fake_doors, shop,
          nicolae_orc_pool_cavern
Elf:1:    nicolae_elf_arrival_fired_up, layout_loops_cross,
          nicolae_trove_entry_crossroad, serial_shops, shop, evilmike_minifort
Elf:2:    elven_hall_of_blades_hangedman_original [mumra_blade_entry_dagger],
          layout_loops_cross, basic_altar, hangedman_elf_disciples, uniq_louise
Elf:3:    minmay_elf_hall_furrowed, layout_rooms, basic_altar, serial_shops,
          shop, minivault_25_ag
Vaults:1: nicolae_vaults_security_offices_5,
          nicolae_vaults_taking_the_gang_shopping, v_alt_pattern_4,
          nicolae_vaults_twisting_passages, v_rooms_3,
          grunt_vaults_hallway_long, nicolae_vaults_ninety_degrees,
          nicolae_vaults_six-pack, nicolae_vaults_stepped_doors,
          vaults_dpeg_emergency_exit, nicolae_vaults_gold_heap,
          nicolae_vaults_double_plus_2, nicolae_vaults_tetromino_L_2,
          layout_vaults_ring, serial_shops, shop
Vaults:2: ontoclasm_vaults_gateway, v_misc_26, v_misc_10,
          vaults_room_semicircle, nicolae_vaults_trapezoid_3, v_misc_29,
          v_alt_pattern_5, layout_vaults_omnigrid
Vaults:3: v_misc_5, ontoclasm_vaults_ligature, minmay_crypt_entry_necro_gods,
          kb_rosetta, v_alt_pattern_4, vaults_mumra_hexcomb,
          ontoclasm_vaults_shuriken, ontoclasm_vaults_pinch, vaults_mumra_hex,
          nicolae_vaults_back_hallway, layout_vaults_omnibox, serial_shops,
          nicolae_shop_tiny_real_fake_doors
Vaults:4: nicolae_vaults_sightless_eye, grunt_vaults_trifunnel,
          vaults_room_semicircle, hangedman_vaults_corner, vaults_room_pools,
          dpeg_vaults_monster_box, hangedman_vaults_trim, vaults_mumra_chevron,
          vaults_room_pools, vaults_dpeg_encased_lava, nicolae_vaults_house_2,
          nicolae_vaults_three_branches, layout_vaults_chaotic_city
Vaults:5
Crypt:1:  layout_gridlike, uniq_bai_suzhen
Crypt:2:  layout_catacombs, pandoras_box_mu
Crypt:3:  lightli_unholy_cathedral, layout_chaotic_city,
          nicolae_tomb_entry_unfolded_pyramid_orthogonal
Depths:1: layout_basic, hell_entry, nicolae_hepliaklqana_hazy_memory,
          grunt_megastairs_3, minmay_shop_star, uniq_enchantress, uniq_boris
Depths:2: minmay_concentric_multi, layout_cave_shapes, mu_enter_wizlab_2,
          nicolae_abyss_entry_one_way_or_another, rand_demon_pan_entry_8,
          hangedman_geh_valley, nicolae_island_escapes, uniq_sojobo,
          uniq_asterion, uniq_josephina
Depths:3: evilmike_makhleb_hellhole, layout_cave_pools, enter_ziggurat_d,
          pf_coc_iceberg, serial_sigils, serial_sigils_hangedman_gnaw,
          serial_sigils_hangedman_writhe, serial_sigils_hangedman_scratch,
          abyss_entry, chequers_decorated_corner, nicolae_rock_paper_scissors
Depths:4: grunt_zot_entry_gee_three, layout_gridlike, hell_entry
Zot:1:    kennysheep_bubbly, layout_onion, regret_index_zotdec_onion_hex,
          guppyfry_library_mini
Zot:2:    layout_basic, regret_index_zotdec_tunneler,
          regret_index_zotdec_magical_s
Zot:3:    layout_misc_corridors, hangedman_zot_decor_slant, uniq_grunn
Zot:4:    lemuel_draconian_sentries, layout_cathedral_of_symmetry,
          hangedman_zot_decor_unnerving_road, lemuel_lake_of_fire
Zot:5:    layout_twisted_circle, skrybe_zot_glass_1

Skill      XL: |  1  2  3  4  5  6  7  8  9 10 11 12 13 14 15 16 17 18 19 20 21 22 23 24 25 26 |
---------------+-------------------------------------------------------------------------------+-----
Long Blades    | 3 5 6 7 8 10 12 13 14 15 16 17 18 19 20 21 22 23 24 | 24.3
Throwing       | 1 2 3 5 6 7 8 9 10 11 13 14 | 14.5
Fighting       | 5 6 7 8 10 11 13 14 16 17 18 19 20 21 22 | 22.8
Stealth        | 1 2 5 7 |  7.0
Evocations     | 1 3 4 5 6 7 8 9 10 11 12 13 14 | 14.4
Armour         | 2 4 5 6 7 8 9 10 11 12 13 14 15 16 17 | 17.2
Dodging        | 2 3 4 5 6 7 9 10 11 12 13 | 13.4

Action                     |  1- 3 |  4- 6 |  7- 9 | 10-12 | 13-15 | 16-18 | 19-21 | 22-24 | 25-27 || total
---------------------------+-------+-------+-------+-------+-------+-------+-------+-------+-------++-------
  Melee: Falchion          |   133 |   181 |   156 |       |       |       |       |       |       ||   470
         Punch             |       |     1 |     3 |     2 |       |       |       |       |       ||     6
         Dagger            |       |       |   148 |    21 |       |       |       |       |       ||   169
         Scimitar          |       |       |    44 |     9 |       |       |       |       |       ||    53
         Great sword       |       |       |   103 |   521 |  1123 |   123 |   206 |   365 |   213 ||  2654
         Triple sword      |       |       |       |       |    55 |  1119 |  1272 |  1564 |   757 ||  4767
  Throw: Dart              |     2 |     9 |    10 |     5 |     6 |    20 |     2 |     5 |       ||    59
         Stone             |       |    10 |    52 |    11 |    69 |    18 |       |       |       ||   160
         Boomerang         |       |       |       |    18 |     3 |   214 |    97 |   356 |   139 ||   827
         Throwing net      |       |       |       |     1 |     1 |     6 |     2 |       |       ||    10
         Javelin           |       |       |       |       |       |     3 |       |     8 |     5 ||    16
 Invoke: Trog's Hand       |       |       |       |       |     6 |     6 |    15 |    25 |    15 ||    67
         Brothers in Arms  |       |       |       |       |    10 |    14 |     8 |    10 |     1 ||    43
Ability: Evoke Blink       |       |       |       |       |       |       |     2 |     1 |       ||     3
  Evoke: Wand              |       |     3 |    12 |     8 |     9 |    80 |    18 |    36 |    34 ||   200
         Tin of tremorston |       |       |       |       |       |     2 |     8 |     6 |     3 ||    19
         Lightning rod     |       |       |       |       |       |       |       |       |     4 ||     4
         Phantom mirror    |       |       |       |       |       |       |       |       |     2 ||     2
         Box of beasts     |       |       |       |       |       |       |       |       |     2 ||     2
    Use: Scroll            |       |     5 |     8 |    10 |    11 |    28 |    19 |    16 |    19 ||   116
   Stab: Paralysed         |       |       |     2 |       |     7 |     7 |       |     1 |     9 ||    26
         Distracted        |       |       |     2 |       |     2 |     3 |     3 |     3 |     2 ||    15
         Held in net/web   |       |       |       |       |     1 |     8 |       |       |     1 ||    10
         Petrified         |       |       |       |       |     4 |     1 |       |       |       ||     5
 Armour: Ring mail         |    68 |   105 |   305 |    23 |       |       |       |       |       ||   501
         Animal skin       |     3 |       |       |       |       |       |       |       |       ||     3
         Chain mail        |       |       |       |   487 |   624 |       |       |       |       ||  1111
         Plate armour      |       |       |       |       |   185 |  1745 |    28 |       |       ||  1958
         Storm dragon scal |       |       |       |       |       |       |  1456 |  1688 |   781 ||  3925
  Dodge: Dodged            |    70 |    96 |   300 |   330 |   348 |   689 |   730 |  1120 |   447 ||  4130
  Block: Other             |       |       |       |    81 |   155 |     2 |       |       |       ||   238
         Reflection        |       |       |       |       |     3 |       |       |       |       ||     3

Table legend: (Time is in decaauts)
 A = Elapsed time spent in this place.
 B = Non-inter-level travel time spent in this place.
 C = Inter-level travel time spent in this place.
 D = Time resting spent in this place.
 E = Time spent auto-exploring this place.
 F = Levels seen in this place.
 G = Mean time per level.
                   A        B        C        D        E       F      G
               +--------+--------+--------+--------+--------+-----+--------+
         Total |  97328 |  88811 |   8517 |  12161 |  53950 |  56 | 1738.0 |
       Dungeon |  23028 |  19373 |   3655 |    885 |  13803 |  15 | 1535.2 |
        Temple |      1 |      1 |      0 |      0 |      0 |   1 |    1.0 |
          Lair |   9341 |   8554 |    787 |    558 |   5987 |   5 | 1868.2 |
         Swamp |   5198 |   4973 |    225 |    727 |   3179 |   4 | 1299.5 |
   Spider Nest |  10357 |   9981 |    376 |   1632 |   6054 |   4 | 2589.2 |
  Orcish Mines |   3745 |   3054 |    691 |    505 |   1786 |   2 | 1872.5 |
   Elven Halls |   6162 |   5784 |    378 |   1127 |   3337 |   3 | 2054.0 |
        Vaults |  11847 |  10788 |   1059 |   1441 |   6441 |   5 | 2369.4 |
         Crypt |   4564 |   4460 |    104 |    765 |   2439 |   3 | 1521.3 |
        Depths |   9714 |   9003 |    711 |   1117 |   5832 |   4 | 2428.5 |
           Zot |   9103 |   8578 |    525 |   2459 |   3618 |   5 | 1820.6 |
         Abyss |    496 |    496 |      0 |     24 |      0 |   1 |  496.0 |
        Bailey |    350 |    350 |      0 |      0 |     67 |   1 |  350.0 |
      Ice Cave |   1558 |   1558 |      0 |    229 |    948 |   1 | 1558.0 |
       Volcano |    263 |    263 |      0 |      0 |     59 |   1 |  263.0 |
        Wizlab |   1595 |   1595 |      0 |    688 |    400 |   1 | 1595.0 |
               +--------+--------+--------+--------+--------+-----+--------+

Top non-repeatable levels by time:
   Zot:5: 3609 daAuts
Vaults:5: 3373 daAuts
    D:14: 3179 daAuts
Spider:4: 3136 daAuts
Vaults:2: 2825 daAuts
Depths:2: 2813 daAuts
   Orc:2: 2794 daAuts
  Lair:5: 2675 daAuts
   Elf:1: 2590 daAuts
Spider:3: 2506 daAuts
Spider:1: 2454 daAuts
Depths:3: 2427 daAuts
   Zot:4: 2372 daAuts
Depths:4: 2283 daAuts
Spider:2: 2260 daAuts
